 Dungeon Crawl Stone Soup version 0.25-a0-246-g58704a1ebd (webtiles) character file.

Game seed: 8896845880857822008, levelgen mode: deterministic

15 Nierin the Conjurer (level 2, -2/19 HPs)
             Began as a Human Conjurer on Dec 3, 2019.
             Was an Initiate of Qazlal.
             Slain by a centaur skeleton (6 damage)
             ... on level 4 of the Dungeon.
             The game lasted 00:09:53 (1078 turns).

Nierin the Conjurer (Human Conjurer)                Turns: 1078, Time: 00:09:54

Health: -2/19      AC:  5    Str:  8    XL:     2   Next: 65%
Magic:  0/5        EV: 10    Int: 15    God:    Qazlal [......]
Gold:   37         SH:  0    Dex: 13    Spells: 4/5 levels left

rFire    x . .     SeeInvis .   d - +0 dagger
rCold    + . .     Gourm    .   (no shield)
rNeg     . . .     Faith    .   e - +0 ring mail
rPois    .         Spirit   .   (no helmet)
rElec    .         Reflect  .   (no cloak)
rCorr    .         Harm     .   (no gloves)
MR       .....                  (no boots)
Stlth    +.........             (no amulet)
HPRegen  0.06/turn              h - ring of ice
MPRegen  0.09/turn              (no ring)

@: no status effects
A: no striking features
a: Renounce Religion


You were on level 4 of the Dungeon.
You worshipped Qazlal.
Qazlal was noncommittal.
You were not hungry.

You visited 1 branch of the dungeon, and saw 4 of its levels.

You collected 37 gold pieces.

Inventory:

Hand Weapons
 d - a +0 dagger (weapon)
 g - a +0 club
Armour
 a - a +0 robe
 e - a +0 ring mail (worn)
Jewellery
 h - a ring of ice (left hand)
Scrolls
 b - a scroll of amnesia
 i - a scroll of teleportation {unknown}
Comestibles
 c - 3 rations
 f - a chunk of flesh


   Skills:
 + Level 2.2 Dodging
 + Level 2.3 Stealth
 + Level 2.2 Spellcasting
 + Level 4.1 Conjurations


You had 4 spell levels left.
You knew the following spells:

 Your Spells              Type           Power        Failure   Level  Hunger
a - Magic Dart            Conj           ##..         12%         1    #......

Your spell library contained the following spells:

 Spells                   Type           Power        Failure   Level  Hunger
 Searing Ray              Conj           ##....       19%         2    ###....
 Dazzling Flash           Conj/Hex       #.....       65%         3    ###....
 Fulminant Prism          Conj/Hex       #.........   96%         4    #####..
 Iskenderun's Mystic Bla  Conj/Tloc      #.......     96%         4    #####..


Dungeon Overview and Level Annotations

Branches:
Dungeon (4/15)
 Temple: D:4-7

Altars:
Qazlal


Message History

You are too injured to fight recklessly!
You are too injured to fight recklessly!
You are too injured to fight recklessly!
Unknown command.
You completely miss the centaur skeleton.
The centaur skeleton is severely damaged.
The adder skeleton closely misses you. The centaur skeleton barely misses you.
You hit the centaur skeleton but do no damage.
The centaur skeleton is severely damaged.
The centaur skeleton hits you.
The adder skeleton bites you but does no damage.
You hit the centaur skeleton.
The centaur skeleton is severely damaged.
The centaur skeleton hits you. The adder skeleton closely misses you.
You hit the centaur skeleton.
The centaur skeleton is almost destroyed.
The centaur skeleton hits you.
* * * LOW HITPOINT WARNING * * *
The adder skeleton barely misses you. The centaur skeleton hits you.
You die...

##...###.###..........
#.....................
...##...........#.....
...#...............#
..................##
.##...............## .
.....#####.........##...
..... #......Z.......
..... ...#....@Z...##
...##.........#
...#...........#
..........?......
..##..........#.
.............(#
..............?
....##........[


You could see an adder skeleton and a centaur skeleton.

Vanquished Creatures
  A giant cockroach (D:1)
  2 goblins (D:1)
  2 hobgoblins (D:1)
  2 jackals (D:1)
  A kobold (D:1)
  2 bats (D:1)
  4 frilled lizards
14 creatures vanquished.

Notes
Turn   | Place    | Note
-------+----------+-------------------------------------------
     0 | D:1      | Nierin the Human Conjurer began the quest for the Orb.
     0 | D:1      | Reached XP level 1. HP: 13/13 MP: 3/3
   254 | D:1      | Reached XP level 2. HP: 11/19 MP: 1/5
  1037 | D:4      | Found a stormy altar of Qazlal.
  1050 | D:4      | Became a worshipper of Qazlal Stormbringer
  1078 | D:4      | Slain by a centaur skeleton

Levels and vault maps discovered:
D:1:      dpeg_arrival_arbitrary_a, layout_basic
D:2:      layout_loops_corners, nicolae_dithmenos_through_a_glass_darkly
D:3:      minmay_goblin_kobold_castle, layout_loops_corners,
          grunt_temple_overflow_open, first_ration
D:4:      layout_cave_pools, lemuel_doored_altar,
          nicolae_gozag_zags_fifth_avenue

Action                   || total
-------------------------++-------
Melee: Unarmed           ||    12
       Dagger            ||    39
 Cast: Magic Dart        ||    27
  Use: Potion            ||     2
       Scroll            ||     1
 Stab: Sleeping          ||     2
  Eat: Chunk             ||     1
Armor: Robe              ||     5
       Ring mail         ||     9
Dodge: Dodged            ||    35

Table legend:
 A = Non-vault XP
 B = Vault XP
 C = Vault XP percentage of total XP
 D = Non-vault monster count
 E = Vault monster count
 F = Vault count percentage of total count
                 A         B        C        D         E       F
            +---------+---------+-------+---------+---------+-------
      Total |      22 |       0 |   0.0 |      14 |       0 |   0.0
            +---------+---------+-------+---------+---------+-------
        D:1 |      21 |       0 |   0.0 |      13 |       0 |   0.0
        D:2 |       1 |       0 |   0.0 |       1 |       0 |   0.0
            +---------+---------+-------+---------+---------+-------
